 Dungeon Crawl Stone Soup version 0.14-a0-1330-g3eed206 (webtiles) character file.

196 Chiseanne the Shooter (level 4, -4/30 HPs)
             Began as an Octopode Wanderer on Dec 6, 2013.
             Was a Follower of Nemelex Xobeh.
             Slain by Sigmund
             ... wielding a +0,+0 scythe
              (5 damage)
             ... on Level 3 of the Dungeon.
             The game lasted 00:12:31 (3324 turns).

Chiseanne the Shooter (Octopode Wanderer)           Turns: 3324, Time: 00:12:32

HP  -4/30        AC  1     Str 12      XL: 4   Next: 25%
MP   6/6         EV 14     Int 13      God: Nemelex Xobeh [*.....]
Gold 124         SH  6     Dex 12      Spells:  0 memorised,  5 levels left

rFire  . . .     SeeInvis .     b - -1,-2 short sword (curse)
rCold  . . .     Clarity  .     m - +0 buckler
rNeg   . . .     Conserve .     (helmet restricted)
rPois  .         rCorr    .     (no amulet)
rElec  .         rRot     .     g - +3 ring of evasion
SustAb . .       Spirit   .     (no ring)
rMut   .         Warding  .     (no ring)
Saprov . . .     Stasis   .     (no ring)
                                (no ring)
                                (no ring)
                                (no ring)
                                (no ring)

@: quite poisoned, slightly resistant to hostile enchantments, stealthy
A: almost no armour, amphibious, 8 rings, constrict 8, camouflage 1, gelatinous
body 1, evolution 1
a: Draw One, Renounce Religion


You were on level 3 of the Dungeon.
You worshipped Nemelex Xobeh.
Nemelex Xobeh was aware of your devotion.
You were not hungry.

You visited 1 branch of the dungeon, and saw 3 of its levels.

You collected 124 gold pieces.

Inventory:

Hand weapons
 b - a cursed -1,-2 short sword (weapon)
 l - a +0,+0 whip of freezing
 w - a +2,+1 bow
Missiles
 d - 39 arrows
 n - 5 tomahawks (quivered)
 o - 9 arrows of dispersal
Armour
 m - a +0 buckler (worn)
Comestibles
 a - an apple
 f - a bread ration
 k - a meat ration
Scrolls
 h - 2 scrolls of identify
Jewellery
 g - a +3 ring of evasion (left tentacle)
Potions
 c - a potion of restore abilities
Miscellaneous
 j - a plain deck of destruction {drawn: 3} {god gift}


   Skills:
 * Level 2.6 Fighting
   Level 1.1 Axes
 * Level 0.4 Maces & Flails
 - Level 3.6 Bows
 - Level 1.0 Throwing
 * Level 1.5 Dodging
 * Level 2.2 Stealth
 * Level 1.0 Spellcasting
   Level 2.0 Air Magic


You had 5 spell levels left.
You didn't know any spells.

Dungeon Overview and Level Annotations

Branches:
Dungeon (3/16)

Altars:
Nemelex Xobeh

Annotations:
D:3 Sigmund


Innate Abilities, Weirdness & Mutations

You cannot wear most types of armour.
You are amphibious.
You can wear up to eight rings at the same time.
You can use your tentacles to constrict many enemies at once.
Your skin changes colour to match your surroundings (Stlth).
Your rubbery body absorbs attacks (AC +1).
You evolve.


Message History

You feel nature experimenting on you.
Don't worry, failures die fast.
You feel fantastic!
It was a potion of beneficial mutation.
* * * LOW HITPOINT WARNING * * *
You feel sick.
Drink which item? (? for menu, Esc to quit)
That liquid tasted very nasty...
You are more poisoned.
It was a potion of poison.
* * * LOW HITPOINT WARNING * * *
You feel sick. The kobold misses you. It hits you but does no damage.
Drink which item? (? for menu, Esc to quit)
Okay, then.
You closely miss the kobold. Your grab misses the kobold.
* * * LOW HITPOINT WARNING * * *
You feel sick.
You feel a little better. The kobold misses you.
The kobold unwields an uncursed blowgun.
The kobold closely misses you. It hits you.
You die...
Your body disappears without a glow.

#......#
#.....##
##....#
#....###
###....#
#......#
#......#
#....###
###.@# #KK##
#.).# #...#
###...#
#....##
#........#
#.......?..
..........##


You could see 2 kobolds.

Vanquished Creatures
  2 adders
  An ooze (D:1)
  An orc (D:3)
  5 goblins
  9 hobgoblins
  5 jackals (D:1)
  A quokka (D:1)
  2 ball pythons (D:1)
  5 bats
  2 giant cockroaches
  2 giant newts (D:1)
  10 kobolds
  3 rats
48 creatures vanquished.

Notes
Turn   | Place    | Note
--------------------------------------------------------------
     0 | D:1      | Chiseanne, the Octopode Wanderer, began the quest for the Orb.
     0 | D:1      | Reached XP level 1. HP: 14/14 MP: 3/3
   376 | D:1      | Reached XP level 2. HP: 17/19 MP: 4/4
  1279 | D:1      | Reached XP level 3. HP: 21/25 MP: 5/5
  1849 | D:2      | Reached skill level 1 in Axes
  2004 | D:2      | Reached skill level 1 in Dodging
  2478 | D:2      | Found a sparkling altar of Nemelex Xobeh.
  2495 | D:2      | Became a worshipper of Nemelex Xobeh
  2500 | D:2      | Received a gift from Nemelex Xobeh
  3062 | D:1      | Reached XP level 4. HP: 25/30 MP: 6/6
  3101 | D:1      | Acquired Nemelex Xobeh's first power
  3315 | D:3      | Noticed Sigmund
  3322 | D:3      | Gained mutation: You evolve. [potion of beneficial mutation]
  3324 | D:3      | HP: 1/30 [poison (a potion of poison)]
  3324 | D:3      | Slain by Sigmund

Action                   |  1- 3 |  4- 6 || total
-------------------------+-------+-------++-------
Melee: Hand axe          |     9 |       ||     9
       Short sword       |    99 |    18 ||   117
 Fire: Bow               |    13 |       ||    13
Invok: Draw One          |       |     3 ||     3
  Use: Scroll            |     5 |     1 ||     6
       Potion            |     2 |     2 ||     4
 Stab: Distracted        |     1 |       ||     1
